 Dungeon Crawl Stone Soup version 0.18.1-48-g4cf74bf (webtiles) character file.

21 Joat the Magician (level 2, -3/19 HPs)
             Began as a Demonspawn Wizard on July 27, 2016.
             Killed by nerve-wracking pain
             ... invoked by Menkaure
              (12 damage)
             ... on level 6 of the Dungeon.
             The game lasted 00:17:50 (1676 turns).

Joat the Magician (Demonspawn Wizard)               Turns: 1676, Time: 00:17:52

Health: -3/19      AC:  5    Str:  7    XL:     2   Next: 62%
Magic:  6/6        EV: 10    Int: 19    God:
Gold:   82         SH:  0    Dex: 11    Spells: 4 memorised, 0 levels left

rFire  . . .     SeeInvis .     (no weapon)
rCold  . . .     Gourm    .     n - +0 ring mail (curse)
rNeg   . . .     Faith    .     (no shield)
rPois  .         Spirit   .     b - +0 hat
rElec  .         Dismiss  .     (no cloak)
rCorr  .         Reflect  .     (no gloves)
SustAt .         Harm     .     (no boots)
MR     .....                    (no amulet)
Stlth  +.........               (no ring)
                                (no ring)

@: repel missiles, not resistant to hostile enchantments, very unstealthy
A: claws 1
a: no special abilities


You were on level 6 of the Dungeon.
You were not hungry.

You visited 1 branch of the dungeon, and saw 5 of its levels.

You collected 82 gold pieces.

Inventory:

Missiles
 o - 24 bolts
Armour
 a - a +0 robe
 b - a +0 hat (worn)
 n - a cursed +0 ring mail (worn)
Wands
 q - a wand of iceblast (0/15)
Scrolls
 e - a scroll of immolation {unknown}
 i - a scroll of remove curse {unknown}
 k - a scroll of random uselessness {unknown}
 p - a scroll of identify {unknown}
 r - 2 scrolls of amnesia {unknown}
Potions
 f - a potion of agility {unknown}
 g - a potion of heal wounds {unknown}
 h - 2 potions of curing {unknown}
 s - a potion of flight {unknown}
Books
 c - a book of Minor Magic

   Spells                             Type                      Level
   a - Magic Dart                     Conjuration                  1
   b - Blink                          Translocation                2
   c - Call Imp                       Summoning                    2
   d - Repel Missiles                 Charms/Air                   2
   e - Slow                           Hexes                        2
   f - Conjure Flame                  Conjuration/Fire             3
   g - Mephitic Cloud                 Conjuration/Poison/Air       3
Comestibles
 d - a bread ration
 j - a meat ration
 m - a beef jerky


   Skills:
 + Level 0.5 Armour
 + Level 1.8 Dodging
 + Level 2.0 Stealth
 + Level 3.2 Spellcasting
 + Level 1.3 Conjurations
 + Level 0.2 Hexes
 + Level 0.3 Charms
   Level 1.0 Summonings
 + Level 1.0 Translocations
 + Level 0.1 Air Magic


You couldn't memorise any spells.
You knew the following spells:

 Your Spells              Type           Power        Failure   Level  Hunger
a - Magic Dart            Conj           #...         30%         1    None
b - Blink                 Tloc           N/A          61%         2    ##.....
c - Slow                  Hex            #.......     73%         2    ##.....
d - Repel Missiles        Chrm/Air       #.....       73%         2    ##.....


Dungeon Overview and Level Annotations

Branches:
Dungeon (7/15)
 Temple: D:4-7

Altars:

Shops:
D:7 }

Annotations:
D:6 Menkaure


Innate Abilities, Weirdness & Mutations

You have sharp fingernails.


Message History

Aim: Menkaure (fast)
The mass of ice explodes!
The iceblast engulfs Menkaure.
Menkaure partially resists.
Menkaure is heavily damaged.
Evoking this partially-identified wand wasted a few charges.
Menkaure calls on the powers of darkness!
Your body is wracked with pain!
Drink which item? (? for menu, Esc to quit)
Okay, then.
Evoke which item? (* to show all) (? for menu, Esc to quit)
Zapping:
q - a wand of iceblast {zapped: 2} (will waste charges)
Press: ? - help, Shift-Dir - straight line, p - Menkaure The mass of ice explodes!
The iceblast engulfs Menkaure.
Menkaure partially resists.
Menkaure is almost destroyed.
Evoking this partially-identified wand wasted a few charges.
Menkaure gestures at you while chanting.
Pain shoots through your body!
Ouch! That really hurt!
You die...

#.#...#
###.#....
#.....###
###...###
##...#..#
##..#.##....
########.....#
####.
#...##...#####
#..@M..#.#
#........#
#...######
#####


You could see Menkaure.

Vanquished Creatures
  A giant gecko (D:7)
  2 giant cockroaches (D:1)
  3 goblins (D:1)
  2 hobgoblins (D:1)
  4 jackals (D:1)
  2 kobolds (D:1)
  2 giant newts
16 creatures vanquished.

Notes
Turn   | Place    | Note
--------------------------------------------------------------
     0 | D:1      | Joat the Demonspawn Wizard began the quest for the Orb.
     0 | D:1      | Reached XP level 1. HP: 13/13 MP: 4/4
   553 | D:1      | Gained mutation: You have sharp fingernails. [demonic ancestry]
   553 | D:1      | Reached XP level 2. HP: 19/19 MP: 0/6
   580 | D:1      | Learned a level 2 spell: Blink
   583 | D:1      | Learned a level 2 spell: Slow
   586 | D:1      | Learned a level 2 spell: Repel Missiles
   799 | D:1      | Reached skill level 1 in Translocations
  1384 | D:2      | You fall through a shaft for 2 floors!
  1384 | D:4      | Noticed an ogre
  1405 | D:4      | You fall through a shaft for 3 floors!
  1405 | D:7      | Found Gussoed's Gadget Emporium.
  1655 | D:6      | Noticed Menkaure
  1676 | D:6      | Killed from afar by Menkaure

Skill      XL: |  1  2 |
---------------+-------+-----
Translocations | 1 |  1.0
Stealth        | 2 |  2.0
Armour         | |  0.5
Dodging        | |  1.8
Spellcasting   | |  3.2
Conjurations   | |  1.3
Hexes          | |  0.2
Charms         | |  0.3
Summonings     | |  1.0
Air Magic      | |  0.1

Action                   || total
-------------------------++-------
Melee: Unarmed           ||    54
       Dagger            ||    16
 Cast: Magic Dart        ||    34
       Repel Missiles    ||     1
Evoke: Wand              ||     2
  Eat: Chunk             ||     2
Armor: Robe              ||    14
       Ring mail         ||    29
Dodge: Dodged            ||    81
       Deflected         ||     1
